 Dungeon Crawl Stone Soup version 0.30-a0-51-g784eafce7f (webtiles) character file.

Game seed: 10517255478020354774

86 BritishOli the Trooper (level 4, 0/37 HPs)
             Began as a Demonspawn Fighter on Sept 6, 2022.
             Slain by a kobold brigand
             ... wielding a +0 dagger
              (4 damage)
             ... in a sewer.
             The game lasted 00:02:33 (2947 turns).

BritishOli the Trooper (Demonspawn Fighter)         Turns: 2947, Time: 00:02:34

Health: 0/37       AC: 10    Str: 18    XL:     4   Next: 27%
Magic:  4/4        EV:  9    Int:  9    God:
Gold:   63         SH:  5    Dex: 16    Spells: 3/3 levels left

rFire   . . .      SeeInvis .    i - +3 short sword
rCold   . . .      Faith    .    c - +0 buckler
rNeg    . . .      Spirit   .    b - +0 scale mail
rPois   .          Reflect  .    (no helmet)
rElec   .          Harm     .    (no cloak)
rCorr   .          Rampage  .    r - +2 pair of gloves {Dex+3}
Will    .....                    (no boots)
Stlth   ..........               (no amulet)
HPRegen 0.12/turn                (no ring)
MPRegen 0.09/turn                (no ring)

@: mighty
A: weakness stinger 2
a: no special abilities


You were in a sewer.
You visited 1 branch of the dungeon, and saw 3 of its levels.
You also visited: Sewer.

You collected 99 gold pieces.
You spent 36 gold pieces at shops.

Inventory:

Hand Weapons
 a - a +0 long sword
 i - a +3 short sword (weapon)
Armour
 b - a +0 scale mail (worn)
 c - a +0 buckler (worn)
 r - a +2 pair of gloves of dexterity (worn)
Jewellery
 p - a ring of protection from cold
Scrolls
 f - a scroll of magic mapping {unknown}
 g - a scroll of amnesia {unknown}
 m - 2 scrolls of enchant armour {unknown}
 o - a scroll of teleportation
 t - a scroll of fear {unknown}
 u - a scroll of vulnerability {unknown}
Potions
 d - 3 potions of might
 e - 3 potions of curing {unknown}
 h - a potion of degeneration {unknown}
 j - 2 potions of berserk rage {unknown}
 k - a potion of heal wounds {unknown}
 l - 2 potions of lignification {unknown}
 n - a potion of resistance {unknown}
 q - a potion of attraction {unknown}
 s - 3 potions of haste {unknown}
 v - a potion of invisibility {unknown}


   Skills:
 + Level 3.7 Fighting
 + Level 2.5 Long Blades
 + Level 3.2 Armour
 + Level 3.2 Shields


You had 3 spell levels left.
You didn't know any spells.
Your spell library was empty.

Dungeon Overview and Level Annotations

Branches:
Dungeon (3/15)              Sewer (1/1)

Altars:

Shops:
D:2 *


Innate Abilities, Weirdness & Mutations

You have a tail ending in a sharp stinger.


Message History

The kobold hits the plant with a +0 whip.
The plant begins to die.
The kobold brigand hits you with a +0 dagger.
The kobold hits you with a +0 dagger. The kobold closely misses you.
You hit the kobold.
The kobold is severely wounded.
The kobold hits the plant with a +0 whip.
The kobold brigand hits you but does no damage.
The kobold barely misses you. You block the kobold's attack.
The kobold hits the plant with a +0 whip.
You hit the kobold.
You kill the kobold!
The kobold brigand hits you with a +0 dagger.
You block the kobold's attack.
The kobold splashes around in the water.
You hit the kobold.
The kobold is severely wounded.
The kobold hits you with a +0 whip.
* * * LOW HITPOINT WARNING * * *
The kobold brigand hits you but does no damage.
The kobold hits you with a +0 dagger.
* * * LOW HITPOINT WARNING * * *
The kobold hits the plant with a +0 whip.
You aren't carrying any items that you can evoke.
You feel very mighty all of a sudden.
A nearby plant withers and dies.
You block the kobold's attack. The kobold brigand barely misses you.
The kobold hits you but does no damage.
You hit the kobold.
You kill the kobold!
The kobold brigand hits you with a +0 dagger.
* * * LOW HITPOINT WARNING * * *
You block the kobold's attack.
You puncture the kobold!
You kill the kobold!
The kobold brigand barely misses you. The kobold hits you with a +0 dagger.
* * * LOW HITPOINT WARNING * * *
You puncture the kobold!
You kill the kobold!
The kobold brigand hits you with a +0 dagger.
You die...

###### ###### #..[.#
#....# #..∩.# #.∩..#
#!)..# ###....#
....#~≈~#.)))#
###''##~~~##)'##
#@)~~~~~≈~#~~..###
#K)~~P#~≈~#~~~...#
#...~~#~≈~#~.~...#
#..~~P#~≈~#.......
#.....#~≈~#P......
#.P...#~~~#~......
##....#~≈~#~~~....
##..~~#~≈~#~~~..†.
###...~~#~≈~~~~~....


You could see a kobold brigand.

Vanquished Creatures
  4 adders (D:2)
  2 dart slugs
  4 endoplasms
  7 goblins
  A jackal (D:3)
  16 kobolds
  5 ball pythons
  3 bats
  2 frilled lizards
  6 rats
50 creatures vanquished.

Vanquished Creatures (others)
  15 plants
15 creatures vanquished.

Grand Total: 65 creatures vanquished

Notes
Turn   | Place    | Note
-------+----------+-------------------------------------------
     0 | D:1      | BritishOli the Demonspawn Fighter began the quest for the
                  | Orb.
     0 | D:1      | Reached XP level 1. HP: 18/18 MP: 1/1
   175 | D:1      | Gained mutation: You have a small tail. [demonic ancestry]
   175 | D:1      | Reached XP level 2. HP: 15/24 MP: 2/2
  1534 | D:2      | Gained mutation: You have a tail ending in a sharp stinger.
                  | [demonic ancestry]
  1534 | D:2      | Reached XP level 3. HP: 15/29 MP: 3/3
  2146 | D:2      | Found Zolon's General Store.
  2158 | D:2      | Bought a scroll of teleportation for 36 gold pieces
  2592 | D:3      | Reached XP level 4. HP: 36/36 MP: 4/4
  2677 | D:3      | Found a glowing drain.
  2693 | Sewer    | Entered a sewer
  2927 | Sewer    | Noticed a kobold brigand
  2947 | Sewer    | Slain by a kobold brigand

Illustrated notes

Levels and vault maps discovered:
D:1:      shiori_arrival_elements, layout_basic, hangedman_feature_mirror,
          minivault_5
D:2:      layout_rooms, serial_shops, shop, serial_forest,
          infiniplex_forest_clump_medium, infiniplex_forest_end_3,
          infiniplex_forest_clump_small, infiniplex_forest_end_2,
          infiniplex_forest_corner_2, infiniplex_forest_lined_3,
          infiniplex_forest_straight_2, infiniplex_forest_clump_diagonal
D:3:      layout_loops_corners, lemuel_doored_altar, trog_book, serial_forest,
          infiniplex_forest_clump_double, infiniplex_forest_straight_4,
          infiniplex_forest_clump_curved, infiniplex_forest_lined_1,
          infiniplex_forest_clump_diagonal, cheibrodos_sewer_entry_bend
Sewer:    kennysheep_pipe_town

Skill      XL: |  1  2 |
---------------+-------+-----
Long Blades    | 2 |  2.5
Armour         | 3 |  3.2
Shields        | 3 |  3.2
Fighting       | |  3.7

Action                   |  1- 3 |  4- 6 || total
-------------------------+-------+-------++-------
Melee: Long sword        |    35 |       ||    35
       Short sword       |    72 |    49 ||   121
       Tailslap          |    15 |     7 ||    22
  Use: Potion            |       |     1 ||     1
Armor: Scale mail        |    38 |    31 ||    69
Dodge: Dodged            |    40 |    26 ||    66
Block: Buckler           |    14 |    20 ||    34

Table legend: (Time is in decaauts)
 A = Elapsed time spent in this place.
 B = Non-inter-level travel time spent in this place.
 C = Inter-level travel time spent in this place.
 D = Time resting spent in this place.
 E = Time spent auto-exploring this place.
 F = Levels seen in this place.
 G = Mean time per level.
                   A        B        C        D        E       F      G
               +--------+--------+--------+--------+--------+-----+--------+
         Total |   2984 |   2867 |    117 |    178 |   2305 |   4 |  746.0 |
       Dungeon |   2712 |   2595 |    117 |    178 |   2110 |   3 |  904.0 |
         Sewer |    271 |    271 |      0 |      0 |    195 |   1 |  271.0 |
               +--------+--------+--------+--------+--------+-----+--------+

Top non-repeatable levels by time:
     D:1: 1425 daAuts
     D:2: 1176 daAuts
   Sewer: 271 daAuts
     D:3: 110 daAuts
